Map: Orbital Shipyard

Players

GerichRail (Rail)

  • Race: Protoss Protoss

Namshar - Winner!

  • Race: Zerg Zerg
  • League: Grandmaster

Event: DreamHack ZOWIE Open Leipzig

VOD

Have the link to the VOD?

Description

Time

  • Played on: Jan. 22, 2016, 9:07 a.m.
  • Length: 12:43

All games in this series

Show
View Real Time Build Order
Export as new Build Order

GerichRail Protoss 

Build Orders: 1 Gate Expand 

Get SALT Encoding   

  12  0:01  Probe (Chrono Boost)  
  13  0:11  Probe (Chrono Boost)  
  14  0:19  Pylon  
  14  0:22  Probe (Chrono Boost)  
  15  0:38  Probe (Chrono Boost)  
  15  0:41  Gateway  
  16  0:48  Probe (Chrono Boost), Pylon  
  17  0:53  Assimilator  
  17  0:59  Probe (Chrono Boost)  
  18  1:09  Probe (Chrono Boost)  
  19  1:27  Nexus  
  19  1:30  Probe (Chrono Boost)  
  20  1:39  Cybernetics Core  
  20  1:42  Probe (Chrono Boost)  
  20  1:47  Assimilator  
  21  1:52  Probe (Chrono Boost)  
  22  1:57  Pylon  
  22  2:03  Probe (Chrono Boost)  
  23  2:13  Probe (Chrono Boost)  
  24  2:15  Adept  
  24  2:17  Warp Gate  
  26  2:24  Probe (Chrono Boost)  
  27  2:35  Probe (Chrono Boost)  
  28  2:39  Probe (Chrono Boost)  
  31  2:46  Probe (Chrono Boost)  
  31  2:49  Probe (Chrono Boost)  
  33  2:52  Gateway x2  
  33  2:57  Sentry  
  33  2:58  Probe (Chrono Boost)  
  34  3:00  Probe (Chrono Boost)  
  35  3:08  Probe (Chrono Boost), Pylon  
  35  3:11  Mothership Core (Chrono Boost)  
  38  3:19  Probe (Chrono Boost)  
  39  3:21  Robotics Facility  
  39  3:29  Probe (Chrono Boost), Adept  
  39  3:30  Probe (Chrono Boost)  
  43  3:35  Pylon  
  43  3:40  Probe x2 (Chrono Boost)  
  43  3:41  Adept  
  47  3:43  Sentry  
  47  3:47  Pylon  
  49  3:50  Probe (Chrono Boost), Assimilator  
  49  3:54  Assimilator  
  50  3:58  Probe (Chrono Boost)  
  50  4:01  Probe (Chrono Boost)  
  52  4:10  Probe (Chrono Boost), Warp Prism  
  52  4:13  Forge  
  55  4:17  Probe (Chrono Boost)  
  56  4:30  Nexus  
  56  4:31  Adept, Pylon  
  56  4:35  Probe x2 (Chrono Boost)  
  60  4:44  Pylon  
  61  4:45  Probe (Chrono Boost)  
  61  4:46  Observer  
  61  4:48  Protoss Ground Weapons Level 1 (Chrono Boost)  
  61  4:50  Probe (Chrono Boost)  
  61  4:52  Twilight Council  
  63  4:56  Probe (Chrono Boost)  
  64  5:01  Probe (Chrono Boost)  
  64  5:07  Probe (Chrono Boost)  
  66  5:11  Probe (Chrono Boost)  
  67  5:17  Probe (Chrono Boost)  
  67  5:21  Sentry, Immortal, Stalker x2  
  68  5:22  Probe (Chrono Boost)  
  68  5:23  Gateway  
  79  5:29  Charge (Chrono Boost)  
  79  5:32  Probe (Chrono Boost)  
  79  5:34  Pylon  
  80  5:39  Pylon  
  80  5:40  Probe (Chrono Boost)  
  80  5:42  Probe (Chrono Boost)  
  83  5:43  Probe (Chrono Boost)  
  83  5:45  Stalker  
  85  5:57  Probe x2  
  85  5:59  Probe, Pylon  
  88  6:08  Probe  
  88  6:09  Probe  
  90  6:12  Probe  
  90  6:13  Immortal  
  90  6:18  Probe, Assimilator  
  95  6:21  Robotics Facility  
  95  6:22  Probe, Assimilator  
  95  6:24  Gateway  
  95  6:25  Gateway  
  97  6:28  Protoss Ground Weapons Level 2 (Chrono Boost)  
  97  6:29  Stalker x2  
  97  6:30  Stalker  
  103  6:39  Probe  
  104  6:41  Stalker  
  106  6:50  Pylon  
  106  6:54  Immortal  
  106  6:56  Pylon  
  106  7:01  Zealot x3  
  112  7:05  Pylon  
  112  7:07  Pylon  
  112  7:08  Blink (Chrono Boost)  
  116  7:10  Pylon  
  116  7:12  Immortal, Pylon  
  120  7:17  Photon Cannon  
  120  7:18  Pylon  
  120  7:27  Pylon x2  
  120  7:29  Immortal  
  120  7:36  Templar Archives  
  124  7:39  Gateway x2  
  124  7:45  Stalker  
  124  7:47  Stalker  
  124  7:50  Stalker x2  
  124  7:51  Stalker  
  134  7:52  Stalker  
  136  8:01  Pylon  
  136  8:03  Photon Cannon  
  136  8:04  Immortal  
  140  8:18  Zealot  
  140  8:19  Zealot x4  
  146  8:22  Immortal  
  144  8:33  High Templar  
  146  8:34  Zealot, High Templar  
  146  8:38  Archon  
  146  8:40  Sentry, Zealot x4  
  160  8:44  Immortal  
  164  8:51  Photon Cannon  
  164  9:01  Stalker x2  
  164  9:02  Stalker  
  170  9:04  Stalker  
  170  9:07  Photon Cannon  
  172  9:13  Zealot x4  
  180  9:17  Photon Cannon  
  180  9:26  High Templar x2  
  180  9:27  Zealot x2  
  180  9:31  Archon  
  185  9:39  Stalker x2  
  185  9:41  Zealot x2  
  185  9:42  Observer x2  
  191  9:46  Mothership Core (Chrono Boost)  
  187  9:54  Stalker x2  
  151  10:07  Stalker x4  
  132  10:21  Stalker x2, Photon Cannon  
  132  10:22  Photon Cannon  
  132  10:24  Photon Cannon  
  132  10:26  Pylon  
  132  10:27  Zealot  
  112  10:36  Stalker x3  
  66  11:38  Nexus  
  60  11:41  Pylon  
Show
View Real Time Build Order
Export as new Build Order

Namshar Zerg - Winner!

Build Orders: Hatch First 

Get SALT Encoding   

  12  0:01  Drone  
  13  0:08  Drone  
  14  0:17  Overlord  
  14  0:22  Extractor  
  14  0:23  Drone  
  15  0:36  Drone x2  
  17  0:52  Hatchery  
  17  0:54  Drone  
  17  0:57  Drone  
  18  1:08  Extractor  
  17  1:12  Spawning Pool  
  17  1:15  Drone  
  17  1:18  Drone  
  18  1:27  Drone  
  19  1:38  Overlord  
  19  1:58  Queen  
  19  1:59  Zergling x2  
  19  2:00  Zergling x2  
  23  2:03  Queen  
  23  2:04  Drone  
  26  2:11  Drone  
  26  2:12  Metabolic Boost  
  28  2:15  Drone  
  28  2:21  Drone  
  29  2:26  Drone  
  30  2:36  Drone  
  31  2:38  Hatchery, Drone  
  31  2:44  Drone  
  31  2:47  Overlord  
  32  2:53  Queen  
  32  2:56  Drone  
  32  2:58  Drone  
  35  3:13  Drone x8  
  43  3:22  Overlord  
  43  3:30  Extractor  
  42  3:43  Drone x3  
  42  3:45  Drone x2  
  42  3:47  Overlord  
  47  3:49  Drone x4  
  47  3:50  Queen  
  47  3:52  Drone x2  
  55  4:01  Drone x2  
  57  4:07  Spore Crawler  
  57  4:08  Spore Crawler  
  55  4:11  Lair, Roach Warren  
  55  4:12  Drone  
  55  4:13  Evolution Chamber, Drone x2  
  55  4:15  Overlord  
  56  4:22  Drone  
  56  4:23  Overlord  
  57  4:32  Overlord  
  57  4:34  Drone x6  
  57  4:38  Drone x2  
  64  4:41  Overlord x2  
  64  4:43  Zerg Missile Weapons Level 1  
  64  4:49  Overlord  
  64  4:51  Roach x4  
  64  4:52  Roach  
  74  4:54  Extractor  
  74  4:56  Roach, Extractor  
  74  4:58  Roach  
  76  5:00  Overlord  
  76  5:04  Roach  
  75  5:15  Drone  
  75  5:16  Drone x5  
  75  5:20  Overlord  
  75  5:21  Glial Reconstitution  
  81  5:23  Drone  
  81  5:24  Drone x4  
  86  5:29  Drone x2  
  88  5:44  Drone x2  
  88  5:45  Overseer, Extractor  
  88  5:47  Drone x3  
  88  5:48  Hatchery  
  91  5:51  Drone  
  91  5:52  Drone x2, Extractor  
  91  5:53  Drone  
  91  5:54  Drone  
  91  5:55  Spire  
  94  6:02  Overlord, Overseer  
  94  6:04  Spore Crawler, Drone x2  
  95  6:15  Overlord x3  
  95  6:30  Overlord x4  
  95  6:36  Drone x4  
  95  6:56  Roach  
  95  6:57  Roach x3, Zergling x16  
  95  6:59  Hatchery  
  110  7:08  Mutalisk  
  110  7:09  Mutalisk x7  
  110  7:11  Zerg Flyer Weapons Level 1  
  126  7:20  Zergling x4  
  126  7:21  Mutalisk x2  
  132  7:23  Mutalisk  
  134  7:30  Overlord x4  
  134  7:41  Mutalisk x2  
  134  7:42  Mutalisk  
  140  7:44  Extractor  
  140  7:45  Zergling x8  
  140  7:46  Zergling x8  
  140  7:47  Extractor  
  146  7:52  Zerg Melee Weapons Level 1  
  146  7:55  Drone x2  
  146  7:56  Drone x2  
  150  8:07  Mutalisk x2  
  150  8:09  Zergling x12  
  150  8:10  Zergling x6  
  148  8:22  Mutalisk  
  148  8:23  Mutalisk x2  
  148  8:25  Mutalisk  
  149  8:32  Drone  
  149  8:33  Drone x3  
  153  8:38  Mutalisk x2  
  153  8:40  Mutalisk  
  159  8:42  Zergling x2  
  160  8:48  Mutalisk x2  
  160  8:51  Drone x4  
  160  8:52  Spine Crawler  
  160  8:53  Spore Crawler  
  166  8:56  Mutalisk, Spine Crawler  
  166  8:58  Spine Crawler  
  166  8:59  Spine Crawler x2  
  166  9:02  Mutalisk  
  164  9:03  Mutalisk  
  164  9:09  Mutalisk  
  170  9:10  Zergling x2  
  170  9:11  Zergling x16  
  170  9:16  Zerg Flyer Weapons Level 2  
  179  9:21  Drone x3  
  179  9:22  Drone x2  
  184  9:25  Spine Crawler x2  
  184  9:26  Spine Crawler  
  184  9:27  Baneling Nest  
  184  9:28  Mutalisk x2  
  177  9:39  Mutalisk x2  
  177  9:42  Zergling x2  
  177  9:43  Zergling x26  
  186  9:55  Mutalisk x2  
  181  10:00  Mutalisk x3  
  181  10:02  Zergling x20  
  166  10:14  Mutalisk x2  
  166  10:21  Zergling x2  
  166  10:22  Zergling x10  
  166  10:49  Hatchery  
  130  11:35  Hatchery  
  128  11:51  Hatchery  
  127  12:02  Drone  
  127  12:19  Drone  
  127  12:21  Spawning Pool  

Tags
 
Add a new tag
Caveats
  • Supply blocks, unpowered buildings, or Contaminate may cause inaccurate times.
  • Supply counts are checked every 10 seconds.